Map: Dusk Towers

Players

Megatron - Winner!

  • Race: Zerg Zerg
  • League: Bronze

NordWind

  • Race: Zerg Zerg

VOD

Have the link to the VOD?

Description

Time

  • Played on: Nov. 20, 2015, 10:53 p.m.
  • Length: 5:14
Show
View Real Time Build Order
Export as new Build Order

Megatron Zerg - Winner!

Build Orders: Pool Only 

Get SALT Encoding   

  12  0:12  Drone x2  
  14  0:31  Spawning Pool  
  13  0:37  Drone  
  14  0:57  Extractor  
  14  0:58  Overlord  
  14  1:01  Overlord  
  13  1:11  Drone  
  14  1:24  Spine Crawler  
  13  1:28  Queen  
  13  1:32  Drone x3  
  18  1:43  Roach Warren  
  17  1:48  Drone  
  18  2:19  Drone  
  18  2:20  Drone x2  
  21  2:32  Overlord  
  21  2:39  Roach x2  
  21  2:40  Roach  
  27  3:01  Roach x2  
  31  3:11  Roach x2  
  31  3:12  Roach  
  37  3:13  Overlord  
  37  3:25  Overlord  
  37  3:36  Roach  
  39  3:48  Roach x3  
  45  4:06  Roach  
  47  4:11  Roach  
  49  4:21  Roach x2  
Show
View Real Time Build Order
Export as new Build Order

NordWind Zerg 

Build Orders: Hatch First 

Get SALT Encoding   

  12  0:02  Drone  
  13  0:15  Overlord  
  13  0:27  Drone  
  14  0:47  Hatchery  
  14  0:49  Drone  
  14  1:07  Spawning Pool  
  14  1:08  Drone  
  14  1:21  Drone, Extractor  
  14  1:28  Drone x2  
  16  1:40  Drone  
  17  1:53  Queen  
  19  1:59  Queen  
  21  2:01  Overlord  
  21  2:03  Zergling x2  
  21  2:05  Zergling x2  
  23  2:12  Drone  
  23  2:13  Drone  
  25  2:28  Metabolic Boost  
  25  2:36  Drone  
  25  2:37  Drone x3  
  29  2:53  Baneling Nest  
  28  3:09  Roach Warren  
  28  3:11  Drone x3, Extractor  
  29  3:13  Drone x2  
  29  3:19  Drone x3  
  34  3:24  Overlord  
  34  3:46  Drone x3  
  34  3:47  Drone x2  
  39  4:00  Drone  
  40  4:04  Queen  
  40  4:07  Hatchery  
  41  4:10  Overlord  
  41  4:17  Drone x2  
  41  4:18  Drone  
  44  4:37  Roach  
  44  4:38  Roach x3  
  52  4:40  Overlord x3  
  49  4:47  Spine Crawler  
Tags
 
Add a new tag
Caveats
  • Supply blocks, unpowered buildings, or Contaminate may cause inaccurate times.
  • Supply counts are checked every 10 seconds.